AoeStats
← jphilkill

Arena

506621147Analyzed
4v4 RM · 19d ago on Sep 14, 2026· 24m 19s· 8 players
Game mode
Random Map
Map size
Large (8 player)
Population
200
Speed
Normal
Resources
Standard
Victory
Conquest
Starting age
Dark Age
Ending age
Imperial Age
RankedLock teamsTeams togetherTeam positionsShared explorationLock speedFull tech treeHidden civsTurbo modeCheats
Victory
Defeat
🇬🇧 Cumans · United Kingdom
984
+16
🇩🇪 Burgundians · Germany
963
+17
🇮🇱 Burmese · Israel
960
+17
🇪🇸 Inca · Spain
955
+18
🇭🇰 Celts · Hong Kong SAR China
1033
-18
🇦🇷 Japanese · Argentina
1014
-18
🇨🇳 Bohemians · China
977
-17
🇨🇳 Franks · China
943
-15
AYUDA-PERÚ
9:51 Feudal Age
14:50 Castle Age
13:34 Double-Bit Axe
17:53 Champi Runner
20:18 Forging
21:24 Champi Warrior
23:22 Iron Casting
22:58 Squires
23:52 Arson
jphilkill
1:25 Loom
7:41 Wheelbarrow
12:01 Feudal Age
18:29 Castle Age
18:18 Stone Mining
18:16 Double-Bit Axe
Bazinga_Man
11:40 Feudal Age
16:04 Castle Age
14:28 Stone Mining
18:49 Gold Mining
Asturon
10:10 Feudal Age
11:01 Double-Bit Axe
11:53 Horse Collar
12:55 Loom
18:35 Wheelbarrow
21:47 Castle Age
22:01 Castle Age
19:54 Gold Mining
23:11 Stone Mining
23:55 Heavy Plow
24:08 Bow Saw
重案组之虎
12:32 Feudal Age
16:46 Castle Age
15:41 Double-Bit Axe
15:38 Horse Collar
18:21 Bow Saw
18:13 Heavy Plow
169198821
Mita Lover
10:49 Feudal Age
15:45 Castle Age
14:18 Double-Bit Axe
Producto.Machete
Connection lost

Rejoining the realm…

Still unreachable

The connection could not be restored.

Session expired

The server has moved on; the page needs a fresh start.